[Event "*** Titled Tuesday Blitz"]
[Site "Chess.com"]
[Date "2020.05.26"]
[Round "8"]
[White "Feegus"]
[Black "BikingBrian"]
[Result "0-1"]
[WhiteElo "2447"]
[BlackElo "2273"]
[TimeControl "180+1"]
[EndTime "11:41:08 PDT"]
[Termination "BikingBrian won by resignation"]

1. Nf3 g6 2. g3 Bg7 3. Bg2 c5 4. O-O Nc6 5. c4 e5 6. Nc3 Nge7 7. Ne1 d6 8. Nc2 Be6 9. Ne3 O-O 10. Rb1 Rb8 11. a3 a6 12. d3 b5 13. cxb5 axb5 14.
b4 cxb4 15. axb4 d5 16. Nc2 d4 17. Ne4 f5 18. Nc5 Bd5 19. e4 fxe4 20. Bxe4 Bxe4 21. dxe4 Qd6 22. Ne1 Nxb4 23. Qb3+ Nbd5 24. Ncd3 Kh8 25. exd5 Nxd5 26. Nb4 Nc3 27. Rb2 Qd7 28. Ned3 Rf3 29. Nc5 Qc8 30. Nca6 Ne2+ 31. Rxe2 Rxb3 32. Nxb8 Qxb8 33.
Bd2 Qa8 34. Rc1 Ra3 35. h4 Ra1 36. Ree1 Rxc1 37. Rxc1 e4 38. Bf4 e3 39. fxe3 dxe3 40. Bxe3 h5 41. Rc6 Qa1+ 42. Kg2 Bd4 43. Bxd4+ Qxd4 44. Rc8+ Kh7 45. Rc6 Qe4+ 46. Kf2 Qxb4 0-1

[Event "*** Titled Tuesday Blitz"]
[Site "Chess.com"]
[Date "2020.05.26"]
[Round "8"]
[White "latixxa"]
[Black "Chuchofrio1"]
[Result "1-0"]
[WhiteElo "2130"]
[BlackElo "2257"]
[TimeControl "180+1"]
[EndTime "11:41:08 PDT"]
[Termination "latixxa won by checkmate"]

1. e4 e5 2. Nf3 Nc6 3. Bc4 Nf6 4. d3 Be7 5. c3 O-O 6. Bb3 d6 7. O-O Na5 8. Bc2 c5 9. Nbd2 Qc7 10. Re1 Nc6 11. Nf1 d5 12. Ng3 d4 13. Bg5 h6 14.
Bd2 Bg4 15. h3 Be6 16. Nh4 Nxe4 17. Rxe4 f5 18. Ngxf5 Bxf5 19. Nxf5 Rxf5 20. Qg4 Rf6 21. Rae1 Raf8 22. Bb3+ Kh8 23. Qg3 Bd6 24. f3 Ne7 25. Qh4 Nf5 26. Qh5 Qb6 27. Kh2 Qb5 28. Bg5 g6 29. Bxf6+ Rxf6 30. Qg4 Qxd3 31. h4 Qd2 32. R4e2 Qd3 33. Qe4 Qb5 34. h5 c4 35. Bd1 d3 36.
Rd2 g5 37. b3 cxb3 38. Bxb3 Ng7 39. Qxd3 Qxd3 40. Rxd3 Nxh5 41. Red1 Bc7 42. Rd7 Rc6 43. Bd5 Rxc3 44. Be4 Nf6 45. Rf7 Nxe4 46. fxe4 Rc4 47. Rdd7 Bb6 48. Rf8# 1-0

[Event "*** Titled Tuesday Blitz"]
[Site "Chess.com"]
[Date "2020.05.26"]
[Round "8"]
[White "CrazyMartian"]
[Black "profofchess"]
[Result "0-1"]
[WhiteElo "2310"]
[BlackElo "2489"]
[TimeControl "180+1"]
[EndTime "11:41:09 PDT"]
[Termination "profofchess won by checkmate"]

1. d4 Nf6 2. Bf4 c5 3. e3 e6 4. c3 Be7 5. Nd2 cxd4 6. exd4 b6 7. Qf3 Nc6 8. Bd3 Bb7 9. Qh3 h6 10. Ngf3 d6 11. O-O Nd5 12. Bg3 g5 13. Ne1 h5 14. f3 Qd7 15. Nc2 O-O-O 16. Be4 Rdg8 17. Be1 Nf4 18. Qg3 Ne2+ 19. Kh1 Nxg3+ 20. Bxg3 f5 21.
Bd3 h4 22. Bf2 h3 23. g3 g4 24. Kg1 gxf3 25. Nxf3 Nd8 26. Be3 Nf7 27. c4 Ng5 28.
Nxg5 Bxg5 29. Bxg5 Rxg5 30. d5 e5 31. Nb4 f4 32. Kh1 fxg3 33. hxg3 Kb8 34. Rf3 a5 35. Nc2 Qg7 36. Kh2 e4 37. Bxe4 Qxb2 38. Raf1 Ka7 39. R1f2 Qe5 40. Bf5 Rhg8 41. Rf4 Rxg3 42. Nd4 Rg2+ 43.
Kxh3 Rxf2 44. Rxf2 Qg3# 0-1

[Event "*** Titled Tuesday Blitz"]
[Site "Chess.com"]
[Date "2020.05.26"]
[Round "8"]
[White "Xtrmntr78"]
[Black "malakismayil"]
[Result "0-1"]
[WhiteElo "2426"]
[BlackElo "2308"]
[TimeControl "180+1"]
[EndTime "11:41:09 PDT"]
[Termination "malakismayil won on time"]

1. c4 e5 2. Nc3 Nf6 3. Nf3 Nc6 4. e3 Bb4 5. Nd5 Be7 6. Qc2 d6 7. a3 a5 8. Bd3 Be6 9. Nxf6+ Bxf6 10. Be4 h6 11. O-O O-O 12. Rd1 d5 13. cxd5 Bxd5 14. d3 Be7 15. Bd2 f5 16. Bxd5+ Qxd5 17. Bc3 Kh8 18.
Rac1 Bd6 19. e4 Qf7 20. Nd2 f4 21. Nf3 Qg6 22. b4 axb4 23. axb4 Qh5 24. b5 Ne7 25.
Qb3 Ng6 26. d4 exd4 27. Bxd4 b6 28. Qd5 Qxd5 29. exd5 Ra5 30. Rb1 Re8 31. Rdc1 Re2 32. Rc6 Ne7 33. Rxd6 cxd6 34. Bxb6 Ra8 35. Bd4 Nxd5 36.
b6 Rb8 0-1

[Event "*** Titled Tuesday Blitz"]
[Site "Chess.com"]
[Date "2020.05.26"]
[Round "8"]
[White "fabianvivasz"]
[Black "Tashik"]
[Result "1-0"]
[WhiteElo "2308"]
[BlackElo "2423"]
[TimeControl "180+1"]
[EndTime "11:41:09 PDT"]
[Termination "fabianvivasz won on time"]

1. e4 e5 2. Nf3 Nc6 3. d4 exd4 4. Bc4 Nf6 5. e5 d5 6. Bb5 Ne4 7. Nxd4 Bd7 8. Bxc6 bxc6 9. O-O Bc5 10. f3 Ng5 11. f4 Ne4 12. Be3 O-O 13. Nc3 f5 14. Qe1 Qe7 15. Nb3 Bb6 16. a4 a5 17.
Kh1 Be6 18. Rd1 Rfd8 19. Nxe4 dxe4 20. Qc3 Qb4 21. Qxc6 Bxb3 22. Bxb6 cxb6 23. cxb3 Qxb3 24. Rxd8+ Rxd8 25. e6 Qd3 26. Rg1 Qd6 27. Qc4 Kf8 28. h3 Ke7 29. Rc1 Qxe6 30. Qc7+ Rd7 31. Qb8 Qd6 32.
Qg8 Qg6 33. Rc8 Qf7 34. Qxh7 Rd1+ 35. Kh2 Kd7 36. Rc2 Rd6 37. Qh8 Rc6 38. Rd2+ 1-0

[Event "*** Titled Tuesday Blitz"]
[Site "Chess.com"]
[Date "2020.05.26"]
[Round "8"]
[White "moistketchup"]
[Black "Stronger1799"]
[Result "0-1"]
[WhiteElo "2184"]
[BlackElo "2372"]
[TimeControl "180+1"]
[EndTime "11:41:09 PDT"]
[Termination "Stronger1799 won on time"]

1. d4 Nf6 2. c4 g6 3. Nc3 d5 4.
cxd5 Nxd5 5. g3 Bg7 6. Bg2 Nb6 7. Nf3 O-O 8. O-O Nc6 9. e3 Re8 10. Re1 e5 11. d5 Na5 12. e4 c6 13. dxc6 Nxc6 14.
Be3 Nc4 15. Qc2 Nxe3 16. Rxe3 Nd4 17. Nxd4 exd4 18. Rd3 Qc7 19. Qa4 Bd7 20. Nd5 Qd6 21.
Qb4 Qxb4 22. Nxb4 Bb5 23. Rd2 d3 24. Nxd3 Rad8 25. Rad1 Bc6 26. f3 Rd4 27. Nf4 Red8 28.
Nd5 Rxd2 29. Rxd2 Kf8 30. f4 g5 31. Kf2 gxf4 32. gxf4 Rd6 33. Ke3 Rh6 34. Bf3 Rh3 35. e5 Bh6 36. Ke4 Kg7 37. b4 a6 38. Rg2+ Kf8 39. Rd2 f5+ 0-1

[Event "*** Titled Tuesday Blitz"]
[Site "Chess.com"]
[Date "2020.05.26"]
[Round "8"]
[White "GM4life"]
[Black "Moon_stone123"]
[Result "0-1"]
[WhiteElo "2372"]
[BlackElo "2517"]
[TimeControl "180+1"]
[EndTime "11:41:10 PDT"]
[Termination "Moon_stone123 won by resignation"]

1. e4 c5 2. Nf3 d6 3. d4 cxd4 4. Nxd4 Nf6 5. Nc3 g6 6. Be3 Bg7 7. f3 Nc6 8. Qd2 O-O 9. Bc4 Bd7 10.
O-O-O Rc8 11. Bb3 Ne5 12. Kb1 Re8 13. h4 h5 14. g4 hxg4 15. h5 Nxh5 16. Bh6 e6 17.
Bxg7 Kxg7 18. f4 Nc4 19. Bxc4 Rxc4 20. f5 Qf6 21. b3 Rxd4 22. Qxd4 Qxd4 23. Rxd4 exf5 24.
Rxd6 Bc6 25. Re1 Bxe4 26. Kb2 g3 27. Rd4 g2 28. Kc1 Nf4 29. Rd2 Rh8 30. Nxe4 fxe4 31. Rxg2 Nxg2 32. Rxe4 Nh4 33. Kb2 Nf5 34. Rb4 b6 35. Ra4 a5 36. Re4 Rc8 37. a4 g5 38.
Rg4 Kg6 39. c4 Ne3 40. Rg3 Nf5 41. Rg4 Nh6 42. Rg2 g4 43. Kc3 f5 44. Kd4 Kg5 45. Ke3 f4+ 46. Kd4 Nf5+ 47. Kd5 Ne3+ 0-1

[Event "*** Titled Tuesday Blitz"]
[Site "Chess.com"]
[Date "2020.05.26"]
[Round "8"]
[White "Raja3401"]
[Black "MilosJi"]
[Result "1-0"]
[WhiteElo "2716"]
[BlackElo "2535"]
[TimeControl "180+1"]
[EndTime "11:41:11 PDT"]
[Termination "Raja3401 won by resignation"]

1. e4 d5 2. exd5 Qxd5 3. Nc3 Qd6 4. d4 Nf6 5. Bd3 a6 6. Nge2 Nc6 7. Bf4 Qd8 8. Qd2 Bg4 9. f3 Bh5 10. g4 Bg6 11. d5 Nb4 12. Bxg6 hxg6 13. O-O-O c6 14. dxc6 Qxd2+ 15. Rxd2 Nxc6 16. g5 Nd7 17. Nd4 Nxd4 18. Rxd4 e6 19. Rhd1 Nb6 20. Bc7 Bc5 21. Rd8+ Ke7 22.
Bxb6 Raxd8 23. Rxd8 Rxd8 24. Bxc5+ Kd7 25. Ne4 Rh8 26. Bd6 f5 27. gxf6 gxf6 28. Bg3 Ke7 29. Nc5 b6 30. Nxa6 e5 31. b4 Ke6 32. Nc7+ Kd6 33.
Nb5+ Kd5 34. Nc3+ Kd4 35. Kb2 f5 36. Kb3 e4 37. fxe4 fxe4 38. a4 e3 39. a5 bxa5 40. bxa5 Rc8 41. Be1 Rb8+ 42. Ka4 Kc4 43. a6 Rh8 44. Ka5 Rxh2 45. a7 Rh8 46. Kb6 g5 47. Kb7 g4 48. a8=Q Rxa8 49. Kxa8 g3 50. Ne2 g2 51.
Kb7 Kd5 52. Kb6 Ke4 53. Kc5 Kf3 54. Ng1+ Ke4 55. Kc4 1-0

[Event "*** Titled Tuesday Blitz"]
[Site "Chess.com"]
[Date "2020.05.26"]
[Round "8"]
[White "AcsinteMatei"]
[Black "Perecke"]
[Result "1-0"]
[WhiteElo "2340"]
[BlackElo "2184"]
[TimeControl "180+1"]
[EndTime "11:41:11 PDT"]
[Termination "AcsinteMatei won on time"]

1. e4 c5 2. b3 e6 3. Bb2 Nc6 4. Nf3 d5 5. exd5 exd5 6. Bb5 Nf6 7. d4 a6 8. Qe2+ Be7 9. Bxc6+ bxc6 10. Ne5 Bb7 11.
dxc5 O-O 12. Nd2 Bxc5 13. O-O a5 14. c4 Re8 15. Qf3 a4 16. Rad1 Qc7 17. Rfe1 axb3 18.
axb3 Ra2 19. Bc3 d4 20. Ng4 Rxe1+ 21. Rxe1 Qd8 22. Nxf6+ gxf6 23. Ne4 dxc3 24. Nxc5 Qe7 25. Qg3+ Kh8 26. Qxc3 Re2 27. Rxe2 Qxe2 28. Qxf6+ Kg8 29.
h3 Bc8 30. Qd8+ Kg7 31. Qg5+ Kf8 32. Qh6+ Kg8 33. Qxc6 Bf5 34. Qf3 Qe1+ 35. Kh2 Qe5+ 36. Qg3+ Qxg3+ 37. Kxg3 Kf8 38. Kf4 Bb1 39. Ke5 Ke7 40.
b4 Kd8 41. Ne4 Ba2 42. c5 Kd7 43. b5 Kc7 44. Nd6 Bb3 45. Kf6 Bc2 46. Nxf7 Bd3 47. Nd6 1-0

[Event "*** Titled Tuesday Blitz"]
[Site "Chess.com"]
[Date "2020.05.26"]
[Round "8"]
[White "maximnovik"]
[Black "Parkas"]
[Result "1-0"]
[WhiteElo "2442"]
[BlackElo "2287"]
[TimeControl "180+1"]
[EndTime "11:41:12 PDT"]
[Termination "maximnovik won on time"]

1. d4 g6 2. e4 Bg7 3. Nf3 d6 4. h3 Nf6 5. Bd3 Nbd7 6. O-O e5 7.
c3 O-O 8. Na3 a6 9. Nc2 c6 10. Re1 Qc7 11. a4 b6 12. b3 Bb7 13.
Ba3 Rfe8 14. Qd2 b5 15. a5 c5 16. d5 c4 17. bxc4 bxc4 18. Bf1 Nc5 19. Bxc5 Qxc5 20. Na3 Qxa5 21. Nxc4 Qc7 22. Qa2 Nd7 23. Qa3 Nc5 24.
Nfd2 Bf8 25. Nb3 Nxb3 26. Qxb3 Rab8 27. Qa3 Bc8 28. Na5 f5 29. Nc6 Rb6 30. c4 fxe4 31.
c5 dxc5 32. Bc4 Kh8 33. Rxe4 Bf5 34. Re3 Bh6 35. Rae1 Bxe3 36. Qxe3 Rxc6 37. dxc6 Qxc6 38. f4 Qd6 39. g4 Be6 40. Qxe5+ Qxe5 41. Rxe5 Bd7 42.
Rxc5 Ra8 43. Ra5 Bc8 44. Kf2 Kg7 45. Ke3 Rb8 46. Rc5 Kh8 47. Rc7 a5 48. Ra7 Rb4 49. Bd5 Rb5 50. Kd4 Rc5 51. Kxc5 1-0

[Event "*** Titled Tuesday Blitz"]
[Site "Chess.com"]
[Date "2020.05.26"]
[Round "8"]
[White "Fandorine"]
[Black "NewBornNow"]
[Result "1/2-1/2"]
[WhiteElo "2893"]
[BlackElo "2736"]
[TimeControl "180+1"]
[EndTime "11:41:13 PDT"]
[Termination "Game drawn by agreement"]

1. e4 c5 2. Nf3 e6 3. g3 Nc6 4. Bg2 Nf6 5. d3 d6 6. O-O Be7 7. Re1 O-O 8. Nbd2 Rb8 9. e5 dxe5 10. Nxe5 Nxe5 11. Rxe5 b5 12. a4 a6 13. Re1 Bb7 14.
Bxb7 Rxb7 15. axb5 axb5 16. Qf3 Qd7 17. Ra6 Nd5 18. c3 Ra7 19. Rxa7 Qxa7 20. h4 Rd8 21. h5 h6 22. Ne4 Nf6 23. Nxf6+ Bxf6 24. Bxh6 Qd7 25.
Be3 Qxd3 26. h6 b4 27. cxb4 cxb4 28. hxg7 Bxb2 29. Qg4 Bc3 30. Qh4 Bxg7 31. Qxb4 Qd6 32. Qg4 Qe5 33. Rc1 Qf6 34. Kg2 Qg6 35. Qf3 Qd3 36. Rc5 Qd1 37. Qb7 Qd7 38. Qe4 Rb8 39. Rg5 Qb7 40. Qxb7 Rxb7 41. Bd4 f5 42. Kf3 Kf8 43.
Rxg7 Rxg7 44. Bxg7+ Kxg7 45. g4 1/2-1/2

[Event "*** Titled Tuesday Blitz"]
[Site "Chess.com"]
[Date "2020.05.26"]
[Round "8"]
[White "attack2mateU"]
[Black "ChristopherYoo"]
[Result "0-1"]
[WhiteElo "2677"]
[BlackElo "2880"]
[TimeControl "180+1"]
[EndTime "11:41:13 PDT"]
[Termination "ChristopherYoo won on time"]

1. e4 c5 2. Nf3 e6 3. c3 d5 4. exd5 Qxd5 5. d4 Nf6 6. Na3 Be7 7. Nb5 Na6 8. Be2 O-O 9. O-O cxd4 10. cxd4 Ne4 11. Ne5 Bf6 12. Bc4 Qd8 13. Bd3 Nd6 14. Nc3 Nb4 15. Bb1 Nc6 16. Qd3 g6 17. Bh6 Bg7 18. Bxg7 Kxg7 19. Nf3 Nf5 20. Rd1 Nce7 21.
Qe2 Nd5 22. Bxf5 exf5 23. Qe5+ Nf6 24. d5 Re8 25. Qd4 Qb6 26. d6 Qxd4 27. Rxd4 Bd7 28. Rad1 Rac8 29. h3 h6 30. Rb4 b6 31. Rbd4 Rc5 32.
Ne1 Ne4 33. Nxe4 fxe4 34. g4 h5 35. gxh5 Rxh5 36. Ng2 Rxh3 37. Nf4 Rh4 38. Nd5 Reh8 39. Ne3 f5 40. Kg2 f4 41. Nc4 Bg4 42. Rg1 Bf3+ 43. Kf1 Rh1 0-1

[Event "*** Titled Tuesday Blitz"]
[Site "Chess.com"]
[Date "2020.05.26"]
[Round "8"]
[White "White_Ghost"]
[Black "MiroVlasenko"]
[Result "0-1"]
[WhiteElo "2478"]
[BlackElo "2666"]
[TimeControl "180+1"]
[EndTime "11:41:13 PDT"]
[Termination "MiroVlasenko won by checkmate"]

1. d4 f5 2. Nf3 Nf6 3. g3 g6 4. Bg2 Bg7 5. O-O O-O 6. b3 d6 7. Bb2 c6 8. c4 Qc7 9. Nc3 a5 10. Re1 Ne4 11. Nxe4 fxe4 12. Nd2 d5 13. cxd5 cxd5 14.
Rc1 Qb6 15. e3 Nd7 16. Qc2 Nf6 17. Qc7 Qe6 18. h3 Ne8 19. Qc5 Bd7 20. Ba3 Rf7 21. Nb1 b6 22. Qc2 Nd6 23. Nc3 Raf8 24. Re2 Bh6 25.
Nd1 Bb5 26. Rd2 Nf5 27. Qc7 Qf6 28. Qe5 Qxe5 29. dxe5 Bd3 30. g4 Nh4 31. e6 Rg7 32. Bb2 Bg5 33. Bxg7 Kxg7 34. Nb2 d4 35. Nxd3 dxe3 36. Re2 exd3 37. Rxe3 Bxe3 38. fxe3 Nxg2 39. Kxg2 d2 40. Rd1 Rd8 41. Kf2 Kf6 42. Ke2 Kxe6 43. Rxd2 Rxd2+ 44. Kxd2 Kd5 45. Kd3 b5 46. a3 Ke5 47. e4 g5 48. Ke3 e6 49. Kd3 Kf4 50.
Kd4 e5+ 51. Kd5 b4 52. axb4 axb4 53. Kc4 Kxe4 54. Kxb4 Kd4 55. Ka3 Kc3 56. b4 e4 57. b5 e3 58. b6 e2 59. b7 e1=Q 60.
Ka4 Qe4+ 61. Ka5 Qxb7 62. h4 gxh4 63. g5 h3 64. g6 hxg6 65. Ka4 Qa6# 0-1

[Event "*** Titled Tuesday Blitz"]
[Site "Chess.com"]
[Date "2020.05.26"]
[Round "8"]
[White "AEMEffi"]
[Black "QueenOfTactics90"]
[Result "0-1"]
[WhiteElo "2311"]
[BlackElo "1983"]
[TimeControl "180+1"]
[EndTime "11:41:13 PDT"]
[Termination "QueenOfTactics90 won on time"]

1. d4 Nf6 2. c4 e6 3. Nc3 b6 4. e4 d6 5. Nf3 Bb7 6. Bd3 Nbd7 7. O-O Be7 8. h3 O-O 9. b4 e5 10. d5 c6 11. Be3 cxd5 12. cxd5 Rc8 13. Rc1 a6 14. Qe2 b5 15. a4 bxa4 16. Nxa4 Rxc1 17. Rxc1 a5 18. b5 Qa8 19. Rc6 Bxc6 20. dxc6 Nc5 21. Nxc5 dxc5 22. Nxe5 a4 23. b6 a3 24. Qa2 Qa5 25. b7 Bd6 26. Nc4 Qe1+ 27. Bf1 Bb8 28. Qxa3 Nxe4 29. Qd3 Re8 30. Nb6 Nd6 31.
Nd7 c4 32. Qa3 Nb5 33. Qc5 Nc3 34. Nxb8 Ne2+ 35. Kh2 Qxf1 36. f3 Qe1 37. Bf2 Qd2 38. c7 Qf4+ 39. g3 Qd2 0-1

[Event "*** Titled Tuesday Blitz"]
[Site "Chess.com"]
[Date "2020.05.26"]
[Round "8"]
[White "warmoatmeal"]
[Black "Antelacus"]
[Result "1-0"]
[WhiteElo "2152"]
[BlackElo "2224"]
[TimeControl "180+1"]
[EndTime "11:41:13 PDT"]
[Termination "warmoatmeal won by resignation"]

1. d4 Nf6 2. Nf3 e6 3. Bg5 c5 4. e3 Qb6 5. Nc3 Be7 6. Be2 O-O 7. O-O d5 8. a3 cxd4 9. exd4 Nc6 10. Bd3 h6 11.
Bh4 Bd7 12. Rb1 Rac8 13. Ne2 Na5 14. c3 Nc4 15. Ne5 Bb5 16. a4 Be8 17. Nxc4 dxc4 18. Bc2 Nd5 19. Bxe7 Nxe7 20. Ng3 Bc6 21. Qg4 Qa5 22. h4 Kh8 23. Rfe1 Qd5 24. f3 Qd7 25. Nh5 Rg8 26. Qf4 Nf5 27. Bxf5 exf5 28. Nf6 Qc7 29. Qxc7 Rxc7 30. Nxg8 Kxg8 31. Re5 g6 32. a5 a6 33. Rc5 Re7 34. Kf2 Bb5 35. Re1 Rd7 36.
Re8+ Kg7 37. Rec8 Rd6 38. R8c7 Bc6 39. Rxc4 g5 40. hxg5 hxg5 41. Rc5 Kg6 42. R5xc6 bxc6 43. Ra7 c5 44. dxc5 Rc6 45. Rb7 Rxc5 46. Rb6+ f6 47. Rxa6 Rb5 48. b4 f4 49. Rb6 Rd5 50. a6 Rd2+ 51. Kg1 Ra2 52. b5 Kf5 53. Rb7 g4 54. fxg4+ Kxg4 55. a7 f3 56. Rg7+ Kf4 57. g3+ Ke3 58.
Re7+ Kd3 59. b6 Kxc3 60. b7 Rxa7 61. Rc7+ Kd2 62. b8=Q Ra1+ 63. Kf2 1-0

[Event "*** Titled Tuesday Blitz"]
[Site "Chess.com"]
[Date "2020.05.26"]
[Round "8"]
[White "CarlosAlbornoz"]
[Black "MaxVavulin"]
[Result "1-0"]
[WhiteElo "2728"]
[BlackElo "2614"]
[TimeControl "180+1"]
[EndTime "11:41:14 PDT"]
[Termination "CarlosAlbornoz won on time"]

1. e4 e5 2. Nf3 Nc6 3. Bb5 a6 4. Ba4 Nge7 5. c3 g6 6. d4 exd4 7. cxd4 b5 8. Bc2 Bg7 9. O-O d6 10. h3 O-O 11. Be3 Na5 12. b3 c5 13. Nbd2 Nac6 14. dxc5 Nb4 15. cxd6 Nec6 16. e5 Nxc2 17. Qxc2 Nxe5 18. Nxe5 Bxe5 19. Qc6 Be6 20. Ne4 Rc8 21.
Qxa6 Bd5 22. Qxb5 Bxe4 23. Qxe5 Re8 24. Qd4 Bc6 25. Rac1 Re4 26. Qb6 Qd7 27. Qc5 Re6 28. Rfd1 h5 29. Qd4 Kh7 30. Bf4 Rce8 31. Be3 Re4 32. Qc5 Rc8 33. Rc4 Ree8 34. Qd4 Bb7 35.
Rxc8 Rxc8 36. Rc1 Rxc1+ 37. Bxc1 Qc6 38. f3 Qxc1+ 39. Kh2 Bc8 40. d7 1-0

[Event "*** Titled Tuesday Blitz"]
[Site "Chess.com"]
[Date "2020.05.26"]
[Round "8"]
[White "Roenko_Artur"]
[Black "andy_rekt"]
[Result "0-1"]
[WhiteElo "2270"]
[BlackElo "2170"]
[TimeControl "180+1"]
[EndTime "11:41:14 PDT"]
[Termination "andy_rekt won on time"]

1. e4 e6 2. d4 d5 3. Nd2 Be7 4. c3 c5 5. Bd3 Nc6 6. Ne2 cxd4 7. cxd4 dxe4 8. Nxe4 Nf6 9. N4c3 O-O 10. Bc2 Nb4 11. Bb1 h6 12. O-O b6 13. Re1 Bb7 14.
Ng3 Nbd5 15. Qd3 Nb4 16. Qd2 Rc8 17. a3 Nbd5 18. Qd3 Nxc3 19. bxc3 Qd5 20. f3 Qc4 21. Bd2 Qxd3 22. Bxd3 Bd5 23. a4 Bc4 24. Bc2 Nd5 25. Ne4 f5 26. Nf2 Kf7 27. Rac1 Ba3 28. Rb1 Rc6 29. Bd3 Rfc8 30. Bxc4 Rxc4 31. Nd3 Bd6 32.
Nb2 R4c7 33. c4 Nf6 34. Red1 Ba3 35. Nd3 Nd7 36. Rb3 Be7 37. Nb2 Bf6 38. Rd3 Nc5 39.
dxc5 Bxb2 40. cxb6 axb6 41. Rd6 Ba3 42. Rxb6 Bc5+ 43.
Kh1 Bxb6 0-1

[Event "*** Titled Tuesday Blitz"]
[Site "Chess.com"]
[Date "2020.05.26"]
[Round "8"]
[White "Fins0905"]
[Black "Bacyanide"]
[Result "1-0"]
[WhiteElo "2650"]
[BlackElo "2470"]
[TimeControl "180+1"]
[EndTime "11:41:16 PDT"]
[Termination "Fins0905 won on time"]

1. d4 d5 2. c4 e6 3. Nc3 c5 4. cxd5 exd5 5. Nf3 Nf6 6. g3 Nc6 7. Bg2 cxd4 8. Nxd4 Bc5 9. Nxc6 bxc6 10. O-O O-O 11. Bf4 Re8 12. Na4 Bd6 13. Bxd6 Qxd6 14. Rc1 Bg4 15.
Re1 Re7 16. Qc2 Rae8 17. e3 Rc7 18. Qc5 Qe5 19. Qa5 h5 20. Nc3 h4 21. Nb5 Rce7 22.
Nd4 Bd7 23. Qxa7 h3 24. Bh1 Ne4 25. Qa3 c5 26. Ne2 Qf5 27. f3 Ng5 28. Nf4 c4 29.
Rcd1 Bc6 30. Qc5 Ba8 31. Qd4 Ne6 32. Nxe6 Rxe6 33. Kf2 Qg5 34. Qf4 Qg6 35. Rd2 Qh5 36.
Red1 Rxe3 37. Qxe3 Rxe3 38. Kxe3 Qe5+ 39. Kf2 Bc6 40.
f4 Qf6 41. Rc1 Bb7 42. Bxd5 1-0

[Event "*** Titled Tuesday Blitz"]
[Site "Chess.com"]
[Date "2020.05.26"]
[Round "8"]
[White "lili_ani"]
[Black "Aleksandar-Topalov"]
[Result "0-1"]
[WhiteElo "2543"]
[BlackElo "2397"]
[TimeControl "180+1"]
[EndTime "11:41:16 PDT"]
[Termination "Aleksandar-Topalov won on time"]

1. e4 e6 2. Nf3 d5 3. exd5 exd5 4. d4 Bd6 5. c4 Nf6 6. Nc3 O-O 7. c5 Be7 8. Be3 b6 9. b4 a5 10. a3 axb4 11.
axb4 Rxa1 12. Qxa1 bxc5 13. bxc5 Bg4 14. Be2 Ne4 15. O-O Nxc3 16. Qxc3 Nc6 17. Bb5 Bxf3 18. Bxc6 Be4 19. f3 Bf5 20. Bf2 Bf6 21. Qb3 Be6 22. Ra1 Qb8 23. Qxb8 Rxb8 24. Kf1 g6 25. Ra8 Rxa8 26. Bxa8 Kf8 27. Ke2 Ke7 28. Bc6 Bg5 29.
Bg3 Kd8 30. Kd3 Bf5+ 31. Kc3 Be6 32. Be5 f6 33. Bg3 Be3 34. h3 g5 35. Bh2 h5 36. g4 h4 37. Kd3 Bf2 38. Kc3 Kc8 39. Kd3 Kd8 40. Kc3 Kc8 41. f4 Bg3 42. f5 Bd7 43. Bxg3 Bxc6 44. Bh2 Bb5 45. Kd2 Bf1 46.
Ke3 Bxh3 47. Kf3 Kd7 48. Bg1 Kc6 49. Bh2 Bf1 50. Kf2 Bd3 51. Ke3 Bc2 52. Ke2 Bb3 53. Bg1 Bc4+ 54. Kf2 Bd3 55. Bh2 Be4 0-1

[Event "*** Titled Tuesday Blitz"]
[Site "Chess.com"]
[Date "2020.05.26"]
[Round "8"]
[White "agrigo3"]
[Black "j2806"]
[Result "0-1"]
[WhiteElo "2252"]
[BlackElo "2025"]
[TimeControl "180+1"]
[EndTime "11:41:16 PDT"]
[Termination "j2806 won on time"]

1. Nf3 Nf6 2. g3 e6 3. Bg2 d5 4.
O-O c5 5. b3 Nc6 6. Bb2 Be7 7.
d3 O-O 8. c3 b6 9. Nbd2 Bb7 10.
e4 dxe4 11. dxe4 Qc7 12. Re1 Rfd8 13. Qc2 Ne5 14. Nxe5 Qxe5 15. c4 Qc7 16. Nf1 Nd7 17. f4 e5 18. f5 Nb8 19. Ne3 Nc6 20. Nd5 Qd7 21. Qf2 f6 22. g4 Nd4 23. Bf3 h6 24. h4 Nxf3+ 25. Qxf3 Bxd5 26. exd5 a6 27. a4 b5 28. axb5 axb5 29. g5 bxc4 30. bxc4 hxg5 31. hxg5 fxg5 32. Bxe5 Bf6 33. Bxf6 gxf6 34. Qe4 Qf7 35. Qe6 Rxa1 36. Rxa1 Re8 37. Qxf7+ Kxf7 38. Ra5 Re5 39. Rxc5 Rxf5 40. Rc7+ Ke8 41. d6 Kd8 42. c5 Rd5 43. Kf2 f5 44. Kf3 Rd3+ 45. Ke2 Rd5 46. Ke3 g4 47. Ke2 f4 48. Rf7 f3+ 49. Ke3 Rxc5 50.
Rg7 Rc4 0-1

[Event "*** Titled Tuesday Blitz"]
[Site "Chess.com"]
[Date "2020.05.26"]
[Round "8"]
[White "LedakovAlexandr"]
[Black "Mikhal867"]
[Result "0-1"]
[WhiteElo "2499"]
[BlackElo "2215"]
[TimeControl "180+1"]
[EndTime "11:41:17 PDT"]
[Termination "Mikhal867 won on time"]

1. d4 g6 2. Nf3 Bg7 3. e4 d6 4. Nc3 a6 5. a4 b6 6. Be3 Nf6 7. e5 Ng4 8. Bf4 Nc6 9. exd6 cxd6 10. h3 Nf6 11. Be2 O-O 12. O-O Bf5 13. d5 Nb4 14. Nd4 Bd7 15. Bf3 Rc8 16. Re1 Rxc3 17. bxc3 Nbxd5 18.
Bd2 e5 19. Nb3 b5 20. Bg5 Nxc3 21. Qxd6 e4 22. Be2 bxa4 23. Nc5 Nxe2+ 24. Rxe2 Bb5 25.
Qxd8 Rxd8 26. Ree1 Rd5 27. Bxf6 Bxf6 28. Nxa4 Bxa1 29.
Rxa1 Rd2 30. Nc3 f5 31. Nxb5 axb5 32. Ra8+ Kg7 33. Rb8 Rd5 34. Rb6 Rc5 35. g3 h5 36.
h4 Kf7 37. Kf1 Ke7 38. Ke1 Kd7 39. Rxg6 Rxc2 40. Rg5 Ke6 41. Rg6+ Ke5 42. Rb6 Rb2 43. Kd1 Rxf2 44. Rxb5+ Kd4 45. Rb8 Rg2 46. Rh8 Rxg3 47.
Rxh5 f4 48. Rh8 Ke3 0-1

[Event "*** Titled Tuesday Blitz"]
[Site "Chess.com"]
[Date "2020.05.26"]
[Round "8"]
[White "JLRHei"]
[Black "SamuelGhimpu2003"]
[Result "0-1"]
[WhiteElo "2328"]
[BlackElo "2567"]
[TimeControl "180+1"]
[EndTime "11:41:17 PDT"]
[Termination "SamuelGhimpu2003 won by resignation"]

1. d4 Nf6 2. c4 g6 3. Nf3 Bg7 4. g3 O-O 5. Bg2 c6 6. O-O d5 7. Nbd2 Bf5 8. Nh4 Be6 9. b3 Ne4 10. Nxe4 dxe4 11. Bxe4 Bxd4 12. Bh6 Bxa1 13. Qxa1 f6 14.
Rd1 Qc7 15. Bxf8 Kxf8 16. Qc1 Kg7 17. f4 Nd7 18. Qe3 Qb6 19. Kf2 Nc5 20. Bc2 a5 21.
Rd4 Bf7 22. f5 g5 23. Ng2 Kf8 24. h4 h6 25. Qd2 Ke8 26. Ne3 Rd8 27. Kg2 Na6 28.
Rxd8+ Qxd8 29. Qc1 Qd4 30. Nf1 Nc5 31. e3 Qc3 32. Qd2 Qb2 33. Bd1 Qxd2+ 34. Nxd2 Kd7 35. Kf3 Kd6 36. Be2 Ke5 37. e4 Bh5+ 38. Ke3 Bxe2 39. Kxe2 Nxe4 40. Nf3+ Kd6 41. hxg5 hxg5 42. Ke3 Nxg3 43.
Nd4 Ke5 44. c5 Nxf5+ 45. Nxf5 Kxf5 46. a3 Ke5 47. b4 axb4 48. axb4 Kd5 49. Kd3 f5 0-1

[Event "*** Titled Tuesday Blitz"]
[Site "Chess.com"]
[Date "2020.05.26"]
[Round "8"]
[White "mohamed-damaj"]
[Black "Konovalova_Vera"]
[Result "1-0"]
[WhiteElo "2298"]
[BlackElo "2155"]
[TimeControl "180+1"]
[EndTime "11:41:17 PDT"]
[Termination "mohamed-damaj won by checkmate"]

1. e4 c6 2. Nf3 d5 3. Nc3 dxe4 4. Nxe4 Bg4 5. Bc4 e6 6. c3 Nf6 7. Qe2 Nbd7 8. d4 Be7 9. O-O O-O 10. Re1 e5 11. h3 Bxf3 12. Qxf3 exd4 13. cxd4 Nxe4 14. Qxe4 Bd6 15. d5 cxd5 16. Qxd5 Nb6 17. Qe4 Rc8 18. Bb3 Qd7 19. Be3 Bb4 20. Red1 Qb5 21. Qxb7 Ra8 22. Rd5 Qe8 23. Bxb6 axb6 24. Qxb6 Rb8 25. Qd4 Qe7 26. Rd7 Qg5 27. Qd5 Qf6 28. Rd1 Ba5 29. Qxa5 Qxb2 30.
Qd2 Qf6 31. Qd5 Qg6 32. Qd3 Qf6 33. Qf3 Qg6 34. g3 Qh6 35. Kg2 Qg6 36. R1d4 Rbe8 37.
Rg4 Qh5 38. h4 Qh6 39. Rxf7 g6 40. Rxf8+ Kg7 41. Qf7# 1-0

[Event "*** Titled Tuesday Blitz"]
[Site "Chess.com"]
[Date "2020.05.26"]
[Round "8"]
[White "SGchess01"]
[Black "BEEkhishig"]
[Result "0-1"]
[WhiteElo "2751"]
[BlackElo "2644"]
[TimeControl "180+1"]
[EndTime "11:41:18 PDT"]
[Termination "BEEkhishig won by resignation"]

1. Nf3 Nf6 2. c4 g6 3. Nc3 Bg7 4. g3 O-O 5. Bg2 d6 6. O-O c5 7. d4 Nc6 8. dxc5 dxc5 9. Be3 Qb6 10. Na4 Qa6 11. Nxc5 Qxc4 12. Nd2 Qg4 13. Rc1 Qh5 14. f3 Rd8 15. Qb3 Nd5 16. Bf2 Nf4 17. gxf4 Rxd2 18. Ne4 Rxb2 19. Qa3 Be6 20. Rfd1 Rxa2 21. Qe3 Qb5 22. Bf1 a5 23. Rb1 Rb2 24. Rxb2 Bxb2 25.
Nc5 Bc4 26. Rd7 b6 27. Ne4 a4 28. Rb7 a3 29. Rxb6 a2 30. Rxb5 Bxb5 31. Qc5 Ba4 32. f5 a1=Q 33. fxg6 hxg6 34. e3 Qa2 35. h4 Bg7 36. h5 Rc8 37. Bc4 Bb3 38. hxg6 Bxc4 39. gxf7+ Bxf7 40. Qf5 Qe6 41. Qb5 Ne5 42. Ng5 Rc1+ 43.
Kg2 Qd5 44. Qb7 Qxb7 0-1